 Dungeon Crawl Stone Soup version 0.31-a0-152-g6aa68a64a1 (webtiles) character file.

Game seed: 8565688784220142883

53 qw the Shooter (level 3, -4/32 HPs)
             Began as a Naga Hunter on June 9, 2023.
             Slain by a gnoll
             ... wielding a +0 spear
              (5 damage)
             ... on level 2 of the Dungeon.
             The game lasted 00:00:15 (797 turns).

qw the Shooter (Naga Hunter)                         Turns: 797, Time: 00:00:15

Health: -4/32      AC:  2    Str: 10 (13) XL:     3   Next: 89%
Magic:  3/3        EV: 14    Int:  7 (9)  God:
Gold:   32         SH:  0    Dex: 14 (16) Spells: 2/2 levels left

rFire   . . .        Y - +0 shortbow
rCold   . . .        (shield currently unavailable)
rNeg    . . .        c - +0 leather armour
rPois   +            (no helmet)
rElec   .            (no cloak)
rCorr   .            (no gloves)
SInv    +            (no barding)
Will    .....        (no amulet)
Stlth   ++           j - +5 ring of evasion
HPRegen 0.25/turn    (no ring)
MPRegen 0.08/turn

%: no passive effects
@: short of breath, very slow
A: AC +1, large, see invisible, deformed body, poison resistance, slowness 2,
spit poison 1, naga tail 1
a: Spit Poison


You were on level 2 of the Dungeon.
You visited 1 branch of the dungeon, and saw 2 of its levels.

You collected 32 gold pieces.


Innate Abilities, Weirdness & Mutations

Your serpentine skin is tough. (AC +1)
You have supernaturally acute eyesight. (SInv)
Armour fits poorly on your strangely shaped body.
Your system is resistant to poisons. (rPois)
You cover ground very slowly.
You can spit poison.
You have a snake-like lower body.


   Skills:
 - Level 2.0 Fighting
 + Level 4.9 Ranged Weapons
 - Level 1.5 Dodging
 - Level 1.5 Stealth


You had 2 spell levels left.
You didn't know any spells.
Your spell library was empty.

Inventory:

Hand Weapons
 Y - a +0 shortbow (weapon)
Armour
 c - a +0 leather armour (worn)
Jewellery
 j - a +5 ring of evasion (left hand)
Potions
 e - a potion of curing {unknown}

Dungeon Overview and Level Annotations

Branches:
Dungeon (2/15)

Altars:


Message History

The gnoll hits you with a +0 club.
789 ||| INVOKING Spit Poison.
Aiming: Spit Poison (2% risk of failure)
Press: ? - help, Shift-Dir - straight line, f/p - gnoll The splash of poison hits the gnoll!
The gnoll is almost dead.
The gnoll hits you with a +0 club.
You shoot an arrow. The arrow hits the gnoll.
You kill the gnoll!
The adder bites you.
You feel your intelligence returning.
You shoot an arrow. The arrow misses the adder.
The adder closely misses you. x2
You shoot an arrow. The arrow misses the adder.
The arrow closely misses the gnoll.
The adder bites you.
A scorpion comes into view.
You shoot an arrow. The arrow hits the adder!
The adder is severely wounded.
The adder bites you. The gnoll barely misses you.
The adder completely misses you.
The gnoll hits you from afar with a +0 spear.
You shoot an arrow. The arrow closely misses the adder.
The arrow hits the gnoll.
The gnoll is moderately wounded.
You have got your breath back.
The adder bites you but does no damage. The gnoll completely misses you.
795 ||| INVOKING Spit Poison.
Aiming: Spit Poison (2% risk of failure)
Press: ? - help, Shift-Dir - straight line, f/p - adder The splash of poison hits the adder!
The adder is poisoned.
You kill the adder!
The gnoll hits you from afar with a +0 spear!
You shoot an arrow. The arrow hits the gnoll.
The gnoll is severely wounded.
The gnoll barely misses you. The gnoll hits you with a +0 whip!
You shoot an arrow. The arrow hits the gnoll!
You kill the gnoll!
The gnoll hits you from afar with a +0 spear.
You die...

........ %......
...#.. ....# ...#
g.# #s# #@#
#####.## #.#
<......# #.#
######.. #.#
#.#######.#
#.#.......#
######.#.########
..................
....###...####.###


You could see a scorpion and a gnoll.

Vanquished Creatures
  3 gnolls (D:2)
  2 adders (D:2)
  2 ball pythons
  2 endoplasms (D:1)
  A giant cockroach (D:2)
  A goblin (D:1)
  5 bats (D:1)
  3 kobolds
  A rat (D:1)
20 creatures vanquished.

Notes
Turn   | Place    | Note
-------+----------+-------------------------------------------
     0 | D:1      | qw the Naga Hunter began the quest for the Orb.
     0 | D:1      | Reached XP level 1. HP: 19/19 MP: 1/1
     0 | D:1      | 0 ||| qw: Version: 0.2-a-122-gbc61b45
     0 | D:1      | 0 ||| qw: Game counter: 3324
     0 | D:1      | 0 ||| qw: Always use a shield: true
     0 | D:1      | 0 ||| qw: God list: Okawaru
     0 | D:1      | 0 ||| qw: Allow faded altars: false
     0 | D:1      | 0 ||| qw: Do Orc after D:15 true
     0 | D:1      | 0 ||| qw: Do second Lair branch before Depths: true
     0 | D:1      | 0 ||| qw: Lair rune preference: random
     0 | D:1      | 0 ||| qw: Plans: Normal
     0 | D:1      | 0 ||| PLANNING D:1-11
    28 | D:1      | 28 ||| INVOKING Spit Poison.
    47 | D:1      | 47 ||| INVOKING Spit Poison.
   137 | D:1      | 137 ||| INVOKING Spit Poison.
   312 | D:1      | 312 ||| INVOKING Spit Poison.
   330 | D:1      | Reached skill level 4 in Ranged Weapons
   330 | D:1      | Reached XP level 2. HP: 26/26 MP: 2/2
   395 | D:1      | 395 ||| INVOKING Spit Poison.
   399 | D:1      | 399 ||| INVOKING Spit Poison.
   630 | D:1      | 630 ||| UPGRADING to +5 ring of evasion.
   631 | D:1      | 631 ||| READING scroll labelled LOTOWIEMPAKK.
   632 | D:1      | 632 ||| READING scroll labelled IPLEUL XUDOUF.
   633 | D:1      | 633 ||| READING scroll labelled GEOHYAFEIP.
   634 | D:1      | 634 ||| READING scroll labelled TIYSOT WEOPN.
   635 | D:1      | 635 ||| DRINKING 2 green potions.
   636 | D:1      | 636 ||| DROPPING scroll of butterflies.
   637 | D:1      | 637 ||| DROPPING potion of degeneration.
   664 | D:2      | 664 ||| INVOKING Spit Poison.
   700 | D:2      | 700 ||| INVOKING Spit Poison.
   703 | D:2      | 703 ||| INVOKING Spit Poison.
   747 | D:2      | 747 ||| INVOKING Spit Poison.
   748 | D:2      | Reached XP level 3. HP: 28/32 MP: 3/3
   782 | D:2      | 782 ||| Stepping ~*~*~tactically~*~*~ (outnumbered).
   784 | D:2      | 784 ||| INVOKING Spit Poison.
   789 | D:2      | 789 ||| INVOKING Spit Poison.
   792 | D:2      | Noticed a scorpion
   795 | D:2      | 795 ||| INVOKING Spit Poison.
   795 | D:2      | HP: 8/32 [gnoll/+0 spear (7)]
   796 | D:2      | HP: 1/32 [gnoll/+0 whip (7)]
   797 | D:2      | Slain by a gnoll

Levels and vault maps discovered:
D:1:      dpeg_arrival_water_temple_mockup, layout_loops_ring,
          minmay_split_cup_large
D:2:      minmay_inner_zag, layout_loops_ring, basic_ecumenical_altar,
          amcnicky_mini_rare_corridor_liquid, minmay_misc_feat_plants

Skill      XL: |  1 |
---------------+----+-----
Ranged Weapons | 4 |  4.9
Fighting       | |  2.0
Dodging        | |  1.5
Stealth        | |  1.5

Action                     || total
---------------------------++-------
   Fire: Shortbow          ||    33
Ability: Spit Poison       ||    13
    Use: Scroll            ||     4
         Potion            ||     1
 Armour: Leather armour    ||     4
  Dodge: Dodged            ||    13

Table legend:
 A = Non-vault XP
 B = Vault XP
 C = Vault XP percentage of total XP
 D = Non-vault monster count
 E = Vault monster count
 F = Vault count percentage of total count
                 A         B        C        D         E       F
            +---------+---------+-------+---------+---------+-------
      Total |      85 |       6 |   6.6 |      16 |       4 |  20.0
            +---------+---------+-------+---------+---------+-------
        D:1 |      12 |       6 |  33.3 |       8 |       4 |  33.3
        D:2 |      73 |       0 |   0.0 |       8 |       0 |   0.0
            +---------+---------+-------+---------+---------+-------
